 Dungeon Crawl Stone Soup version 0.24.0-123-gd5b16e6ec5 (webtiles) character file.

Game seed: 16645448089208839710, levelgen mode: deterministic

11 FishyPogo the Charmwright (level 2, -1/25 HPs)
             Began as a Draconian Skald on Dec 28, 2019.
             Slain by Terence
             ... wielding a +0 flail of protection
              (10 damage)
             ... on level 2 of the Dungeon.
             The game lasted 00:02:03 (949 turns).

FishyPogo the Charmwright (Draconian Skald)          Turns: 949, Time: 00:02:03

Health: -1/25      AC:  4    Str: 13    XL:     2   Next: 13%
Magic:  4/5        EV: 12    Int: 13    God:
Gold:   90         SH:  0    Dex: 10    Spells: 4/5 levels left

rFire    . . .     SeeInvis .   a - +0 falchion
rCold    . . .     Gourm    .   (no shield)
rNeg     . . .     Faith    .   (armour unavailable)
rPois    .         Spirit   .   (helmet restricted)
rElec    .         Reflect  .   (no cloak)
rCorr    .         Harm     .   (no gloves)
MR       .....                  (no boots)
Stlth    +.........             (no amulet)
HPRegen  0.08/turn              (no ring)
MPRegen  0.09/turn              (no ring)

@: infused
A: unfitting armour, cold-blooded, AC +4
a: no special abilities


You were on level 2 of the Dungeon.
You were not hungry.

You visited 1 branch of the dungeon, and saw 3 of its levels.

You collected 90 gold pieces.

Inventory:

Hand Weapons
 a - a +0 falchion (weapon)
Missiles
 m - 11 poisoned darts (quivered)
 n - 15 stones
Armour
 j - a cursed +0 buckler
Scrolls
 b - a scroll of enchant armour {unknown}
 e - 2 scrolls of remove curse {unknown}
 h - a scroll of immolation {unknown}
 l - a scroll of identify {unknown}
Potions
 d - a potion of curing {unknown}
 g - a potion of berserk rage {unknown}
 i - a potion of brilliance {unknown}
 k - a potion of flight {unknown}
Comestibles
 c - a ration
 f - 2 chunks of flesh


   Skills:
 * Level 2.4 Fighting
 + Level 2.0 Long Blades
 * Level 2.3 Dodging
 + Level 2.1 Spellcasting
 * Level 2.8 Charms


You had 4 spell levels left.
You knew the following spells:

 Your Spells              Type           Power        Failure   Level  Hunger
y - Infusion              Chrm           #...         8%          1    ##.....

Your spell library contained the following spells:

 Spells                   Type           Power        Failure   Level  Hunger
 Song of Slaying          Chrm           #.......     12%         2    ###....
 Shroud of Golubria       Chrm/Tloc      #.....       22%         2    ###....
 Regeneration             Chrm/Necr      #.........   38%         3    ####...
 Spectral Weapon          Hex/Chrm       #.......     38%         3    ####...


Dungeon Overview and Level Annotations

Branches:
Dungeon (3/15)

Altars:

Annotations:
D:2 Terence


Innate Abilities, Weirdness & Mutations

Your plain brown scales are hard. (AC +4)
You cannot fit into any form of body armour.
You are cold-blooded and may be slowed by cold attacks.


Message History

You barely miss Terence.
Terence is moderately wounded.
Terence barely misses you.
You hit Terence but do no damage.
Terence is moderately wounded.
Terence hits you but does no damage.
You hit Terence.
Terence is moderately wounded.
Your magical infusion is running out.
Terence hits you but does no damage.
You hit Terence.
Your tail-slap misses Terence.
Terence is heavily wounded.
Terence hits you with a +0 flail of protection!
You are no longer magically infusing your attacks.
Your magical contamination has completely faded away.
Casting: Infusion (safe; 8% risk of failure)
Confirm with . or Enter, or press ? or * to list all spells.
You begin infusing your attacks with magical energy.
Terence hits you with a +0 flail of protection!
You die...

...... #.##.... .....
#.##.#.. .#.###
#.##.#.# ....#
#.##.#.# #.#.#
#>##.#.# #.#.####
####......# #<.....#
#.......###
###.##.#######.#######
#.........@@......#
################...#
..


You could see Terence.

Vanquished Creatures
  A dart slug (D:1)
  A kobold (D:2)
  2 ball pythons (D:1)
  4 bats (D:1)
  A frilled lizard (D:1)
9 creatures vanquished.

Notes
Turn   | Place    | Note
-------+----------+-------------------------------------------
     0 | D:1      | FishyPogo the Draconian Skald began the quest for the Orb.
     0 | D:1      | Reached XP level 1. HP: 17/17 MP: 3/3
   745 | D:1      | Reached XP level 2. HP: 18/25 MP: 5/5
   923 | D:2      | Noticed Terence
   949 | D:2      | Slain by Terence

Levels and vault maps discovered:
D:1:      roderic_chinese_lattice_arrival, layout_basic
D:2:      layout_loops_ring, uniq_terence
D:3:      layout_rooms, first_ration, minmay_misc_feat_five,
          serial_park_tiny_pond, kennysheep_jessica_study, uniq_natasha

Action                   || total
-------------------------++-------
Melee: Falchion          ||    38
       Tailslap          ||     3
 Cast: Infusion          ||     2
Armor: Skin              ||    23
Dodge: Dodged            ||    33
       Rpst.: Falchion   ||    10
